 Dungeon Crawl Stone Soup version 0.28.0 (webtiles) character file.

Game seed: 11083484960392407514

39 Host24 the Bolt Thrower (level 3, 0/23 HPs)
             Began as a Kobold Hunter on Mar 5, 2022.
             Slain by a goblin (4 damage)
             ... on level 2 of the Dungeon.
             The game lasted 00:02:36 (1394 turns).

Host24 the Bolt Thrower (Kobold Hunter)             Turns: 1394, Time: 00:02:36

Health: 0/23       AC:  4    Str: 11    XL:     3   Next: 67%
Magic:  3/3        EV: 14    Int: 12    God:
Gold:   49         SH:  0    Dex: 15    Spells: 2/2 levels left

rFire   . . .      SeeInvis .   b - +0 short sword
rCold   . . .      Faith    .   (no shield)
rNeg    . . .      Spirit   .   c - +0 leather armour
rPois   .          Reflect  .   (no helmet)
rElec   .          Harm     .   (no cloak)
rCorr   .          Rampage  .   j - +0 pair of gloves
Will    .....                   (no boots)
Stlth   +++.......              (no amulet)
HPRegen 0.07/turn               (no ring)
MPRegen 0.08/turn               (no ring)

@: no status effects
A: small, no large weapons, nightstalker 3
a: no special abilities


You were on level 2 of the Dungeon.
You visited 1 branch of the dungeon, and saw 2 of its levels.

You collected 49 gold pieces.

Inventory:

Hand Weapons
 a - a +1 hand crossbow
 b - a +0 short sword (weapon)
Missiles
 d - 38 bolts
 e - 61 stones (quivered)
 f - 16 sling bullets
Armour
 c - a +0 leather armour (worn)
 j - a +0 pair of gloves (worn)
Scrolls
 g - a scroll of identify {unknown}
 i - a scroll of teleportation {unknown}
 k - a scroll of amnesia {unknown}
 m - a scroll of immolation {unknown}
Potions
 h - 2 potions of heal wounds {unknown}
 l - a potion of curing {unknown}


   Skills:
 - Level 3.0 Fighting
 + Level 5.5 Crossbows
 - Level 3.0 Dodging
 - Level 1.3 Stealth


You had 2 spell levels left.
You didn't know any spells.
Your spell library contained the following spells:

 Spells                   Type           Power      Damage    Failure   Level
 Animate Skeleton         Necr           0%         N/A       41%         1
 Apportation              Tloc           0%         N/A       41%         1
 Summon Small Mammal      Summ           0%         N/A       41%         1


Dungeon Overview and Level Annotations

Branches:
Dungeon (2/15)

Altars:


Innate Abilities, Weirdness & Mutations

You are small and have problems with some larger weapons.
You are completely attuned to the shadows.


Message History

You completely miss the kobold. The kobold hits you with a +0 dagger.
The kobold closely misses you.
You completely miss the kobold.
The goblin shoots a stone.
The stone hits you but does no damage. The kobold hits you but does no damage.
You hit the kobold.
The kobold is heavily wounded.
The goblin shoots a stone.
The stone closely misses you. The kobold hits you with a +0 dagger.
The goblin shoots a stone.
The stone misses you.
You miss the kobold.
The kobold is heavily wounded.
The kobold completely misses you.
The goblin shoots a stone.
The stone hits you.
You hit the kobold but do no damage.
The kobold is heavily wounded.
The kobold hits you but does no damage.
The goblin shoots a stone.
The stone closely misses you.
You barely miss the kobold.
The kobold is heavily wounded.
The kobold hits you with a +0 dagger.
The goblin shoots a stone.
The stone barely misses you.
You hit the kobold.
You kill the kobold!
The goblin shoots a stone.
The stone hits you.
The goblin unwields a +0 hunting sling.
The goblin wields a +0 club.
The goblin misses you.
You hit the goblin.
The goblin is severely wounded.
The goblin completely misses you.
You hit the goblin but do no damage.
The goblin is severely wounded.
The goblin completely misses you.
You hit the goblin.
The goblin is severely wounded.
The goblin hits you with a +0 club.
* * * LOW HITPOINT WARNING * * *
You barely miss the goblin.
The goblin is severely wounded.
The goblin hits you with a +0 club.
You die...

....+ )...# ....##.#
#.####.# #.#
##.#######
#.###........########
#......).............
#................g(..
##......####....@....
#......# #....(..(.
#..##+## #....)(...
.. #.........
#......... #........
#.......


You could see a goblin.

Vanquished Creatures
  An adder (D:2)
  3 ball pythons (D:1)
  An endoplasm (D:1)
  A giant cockroach (D:1)
  4 goblins
  3 hobgoblins (D:1)
  2 quokkas
  2 bats
  5 frilled lizards
  6 kobolds
  2 rats (D:1)
30 creatures vanquished.

Notes
Turn   | Place    | Note
-------+----------+-------------------------------------------
     0 | D:1      | Host24 the Kobold Hunter began the quest for the Orb.
     0 | D:1      | Reached XP level 1. HP: 12/12 MP: 1/1
   182 | D:1      | Reached skill level 5 in Crossbows
   205 | D:1      | Reached XP level 2. HP: 12/18 MP: 2/2
   847 | D:1      | Found a faded altar of an unknown god.
   876 | D:1      | Reached XP level 3. HP: 23/23 MP: 3/3
  1394 | D:2      | Slain by a goblin

Illustrated notes

Levels and vault maps discovered:
D:1:      dpeg_arrival_solitude, layout_basic, ebering_ecumenical_altar_webs,
          minmay_pentomino_q4
D:2:      layout_basic

Skill      XL: |  1  2 |
---------------+-------+-----
Crossbows      | 5 |  5.5
Fighting       | 3 |  3.0
Dodging        | 3 |  3.0
Stealth        | |  1.3

Action                   || total
-------------------------++-------
Melee: Short sword       ||   106
       Punch             ||     1
 Fire: Hand crossbow     ||     6
 Stab: Sleeping          ||     7
Armor: Leather armour    ||    18
Dodge: Dodged            ||    91
